| TOP OF THE 1ST |
|
London Majors batting - Pitching for Southern Maryland Blue Crabs : LHP Tim Fraser
|
|
Pitching: LHP Tim Fraser
|
|
|
Batting: RHB Hanley Hernandez
|
0-0: Called Strike 0-1: Called Strike 0-2: Ball 1-2: Ball 2-2: Ball 3-2: Ground out 5-3 (Groundball, 56, EV 83.1 MPH)
|
|
Batting: RHB Carlos Viera
|
0-0: Called Strike 0-1: Ball 1-1: Swinging Strike 1-2: Ball 2-2: Ball 3-2: SINGLE (Groundball, 6M, EV 83.1 MPH) (infield hit)
|
|
Batting: RHB Tom Bergman
|
0-0: Swinging Strike 0-1: Ball Carlos Viera is caught stealing 2nd base 2-4 1-1: Called Strike 1-2: Foul Ball, location: 2F 1-2: Foul Ball, location: 2F 1-2: Strikes out looking
|
| Top of the 1st over - 0 runs, 1 hit, 0 errors, 0 left on base; London 0 - Southern Maryland 0 |
| BOTTOM OF THE 1ST |
|
Southern Maryland Blue Crabs batting - Pitching for London Majors : LHP Antoine Herndon
|
|
Pitching: LHP Antoine Herndon
|
|
|
Batting: RHB Eddie Morin
|
0-0: Called Strike 0-1: Called Strike 0-2: Ball 1-2: Ball 2-2: Ball 3-2: Base on Balls
|
|
Batting: RHB Oscar Chapa
|
0-0: Foul Ball, location: 2F 0-1: Ball 1-1: Grounds into double play, 4-6-3 (Groundball, 4, EV 95.0 MPH)
|
|
Batting: LHB Stu Proulx
|
0-0: Ball 1-0: Called Strike 1-1: Ball 2-1: Ball 3-1: Foul Ball, location: 2F 3-2: Foul Ball, location: 2F 3-2: Base on Balls
|
|
Batting: RHB Imbart van Rens
|
0-0: Called Strike 0-1: Ball 1-1: Swinging Strike 1-2: Ball 2-2: Strikes out swinging
|
| Bottom of the 1st over - 0 runs, 0 hits, 0 errors, 1 left on base; London 0 - Southern Maryland 0 |
| TOP OF THE 2ND |
|
London Majors batting - Pitching for Southern Maryland Blue Crabs : LHP Tim Fraser
|
|
Batting: SHB Miguel Sano Jr.
|
0-0: Swinging Strike 0-1: Foul Ball, location: 2F 0-2: Strikes out swinging
|
|
Batting: LHB Trevor Durbin
|
0-0: Ball 1-0: SINGLE (Flyball, 9LS, EV 88.1 MPH)
|
|
Batting: RHB Adler Cananis
|
0-0: Called Strike 0-1: Ball 1-1: Foul Ball, location: 2F 1-2: Fly out, F7 (Flyball, 7LS, EV 90.6 MPH)
|
|
Batting: SHB John Webb
|
0-0: Foul Ball, location: 2F 0-1: Ball 1-1: Called Strike 1-2: Strikes out swinging
|
| Top of the 2nd over - 0 runs, 1 hit, 0 errors, 1 left on base; London 0 - Southern Maryland 0 |
| BOTTOM OF THE 2ND |
|
Southern Maryland Blue Crabs batting - Pitching for London Majors : LHP Antoine Herndon
|
|
Batting: RHB Hsui-chen Yang
|
0-0: Ball 1-0: SINGLE (Groundball, 56D, EV 107.5 MPH)
|
|
Batting: RHB Dou-wan Pan
|
0-0: Ball 1-0: Called Strike 1-1: Ball 2-1: Ball 3-1: Swinging Strike 3-2: Base on Balls Hsui-chen Yang to second
|
|
Batting: RHB Josh Kurth
|
0-0: Called Strike 0-1: Swinging Strike 0-2: Ball 1-2: Foul Ball, location: 2F 1-2: Strikes out swinging
|
|
Batting: RHB John Lowe
|
0-0: Fly out, F3 (Popup, 3, EV 63.1 MPH)
|
|
Batting: RHB Adam Cooper
|
0-0: Ball 1-0: Called Strike 1-1: Ball 2-1: Ball 3-1: Foul Ball, location: 2F 3-2: Foul Ball, location: 2F 3-2: Strikes out swinging
|
| Bottom of the 2nd over - 0 runs, 1 hit, 0 errors, 2 left on base; London 0 - Southern Maryland 0 |
| TOP OF THE 3RD |
|
London Majors batting - Pitching for Southern Maryland Blue Crabs : LHP Tim Fraser
|
|
Batting: LHB Salvador Ramos
|
0-0: Ball 1-0: Called Strike 1-1: Ground out 1-3 (Groundball, 13S, EV 68.8 MPH)
|
|
Batting: RHB Jerry Perez
|
0-0: Called Strike 0-1: Ball 1-1: Swinging Strike 1-2: Strikes out swinging
|
|
Batting: RHB Hanley Hernandez
|
0-0: Foul Ball, location: 2F 0-1: Foul Ball, location: 2F 0-2: Strikes out swinging
|
| Top of the 3rd over - 0 runs, 0 hits, 0 errors, 0 left on base; London 0 - Southern Maryland 0 |
| BOTTOM OF THE 3RD |
|
Southern Maryland Blue Crabs batting - Pitching for London Majors : LHP Antoine Herndon
|
|
Batting: RHB Eddie Morin
|
0-0: Ball 1-0: Ball 2-0: Foul Ball, location: 2F 2-1: Foul Ball, location: 2F 2-2: Strikes out swinging
|
|
Batting: RHB Oscar Chapa
|
0-0: Ball 1-0: Ground out 4-3 (Groundball, 4, EV 106.2 MPH)
|
|
Batting: LHB Stu Proulx
|
0-0: Foul Ball, location: 2F 0-1: Foul Ball, location: 2F 0-2: SINGLE (Line Drive, 4D, EV 101.9 MPH)
|
|
Batting: RHB Imbart van Rens
|
0-0: Called Strike 0-1: Ball 1-1: Ball 2-1: Foul Ball, location: 2F 2-2: Ball 3-2: Strikes out swinging
|
| Bottom of the 3rd over - 0 runs, 1 hit, 0 errors, 1 left on base; London 0 - Southern Maryland 0 |
| TOP OF THE 4TH |
|
London Majors batting - Pitching for Southern Maryland Blue Crabs : LHP Tim Fraser
|
|
Batting: RHB Carlos Viera
|
0-0: Bunt missed! 0-1: Ground out 6-3 (Groundball, 56, EV 95.6 MPH)
|
|
Batting: RHB Tom Bergman
|
0-0: Ball 1-0: Ground out 5-3 (Groundball, 56, EV 81.9 MPH)
|
|
Batting: SHB Miguel Sano Jr.
|
0-0: Ball 1-0: Fly out, F4 (Popup, 4, EV 57.5 MPH)
|
| Top of the 4th over - 0 runs, 0 hits, 0 errors, 0 left on base; London 0 - Southern Maryland 0 |
| BOTTOM OF THE 4TH |
|
Southern Maryland Blue Crabs batting - Pitching for London Majors : LHP Antoine Herndon
|
|
Batting: RHB Hsui-chen Yang
|
0-0: Ground out 5-3 (Groundball, 56S, EV 84.4 MPH)
|
|
Batting: RHB Dou-wan Pan
|
0-0: Ball 1-0: Swinging Strike 1-1: Fly out, F9 (Flyball, 9LM, EV 81.2 MPH)
|
|
Batting: RHB Josh Kurth
|
0-0: Foul Ball, location: 2F 0-1: Ball 1-1: Ball 2-1: Swinging Strike 2-2: Foul Ball, location: 2F 2-2: Strikes out swinging
|
| Bottom of the 4th over - 0 runs, 0 hits, 0 errors, 0 left on base; London 0 - Southern Maryland 0 |
| TOP OF THE 5TH |
|
London Majors batting - Pitching for Southern Maryland Blue Crabs : LHP Tim Fraser
|
|
Batting: LHB Trevor Durbin
|
0-0: Called Strike 0-1: Fly out, F9 (Flyball, 9, EV 89.4 MPH)
|
|
Batting: RHB Adler Cananis
|
0-0: Called Strike 0-1: Ball 1-1: Ball 2-1: SINGLE (Groundball, 4D, EV 107.5 MPH)
|
|
Batting: SHB John Webb
|
0-0: Ball 1-0: SINGLE (Flyball, 8LS, EV 84.4 MPH) Adler Cananis to second Runner from 2nd tries for 3rd, SAFE, throw by CF made to third
|
|
Batting: LHB Salvador Ramos
|
0-0: Fielders Choice at 2nd, 6-4 (Groundball, 6M, EV 93.8 MPH) Adler Cananis scores
|
|
Batting: RHB Jerry Perez
|
0-0: Called Strike 0-1: Foul Ball, location: 2F 0-2: Ball 1-2: Ball 2-2: Ball 3-2: Base on Balls Salvador Ramos to second
|
|
Batting: RHB Hanley Hernandez
|
0-0: Swinging Strike 0-1: Foul Ball, location: 2F 0-2: Foul Ball, location: 2F 0-2: Fly out, F9 (Flyball, 9, EV 85.6 MPH)
|
| Top of the 5th over - 1 run, 2 hits, 0 errors, 2 left on base; London 1 - Southern Maryland 0 |
| BOTTOM OF THE 5TH |
|
Southern Maryland Blue Crabs batting - Pitching for London Majors : LHP Antoine Herndon
|
|
Batting: RHB John Lowe
|
0-0: Ground out 6-3 (Groundball, 6S, EV 72.5 MPH)
|
|
Batting: RHB Adam Cooper
|
0-0: SINGLE (Groundball, 56D, EV 104.4 MPH)
|
|
Batting: RHB Eddie Morin
|
0-0: Called Strike 0-1: Foul Ball, location: 2F 0-2: Foul Ball, location: 2F 0-2: Foul Ball, location: 2F 0-2: Foul Ball, location: 2F 0-2: Ball 1-2: Foul Ball, location: 2F 1-2: Foul Ball, location: 2F 1-2: SINGLE (Groundball, 6S, EV 68.1 MPH) (infield hit) Adam Cooper to second
|
|
Batting: RHB Oscar Chapa
|
0-0: Called Strike 0-1: Ball 1-1: Ball 2-1: Ball 3-1: Called Strike 3-2: Foul Ball, location: 2F 3-2: Base on Balls Adam Cooper to third Eddie Morin to second
|
|
Pitching: RHP Ryan Hungerman
|
|
|
Batting: LHB Stu Proulx
|
0-0: Swinging Strike 0-1: Ball 1-1: Ball 2-1: Foul Ball, location: 2F 2-2: Strikes out swinging
|
|
Batting: RHB Imbart van Rens
|
0-0: Ball 1-0: Called Strike 1-1: Ball 2-1: Ground out 5-3 (Groundball, 56S, EV 83.8 MPH)
|
| Bottom of the 5th over - 0 runs, 2 hits, 0 errors, 3 left on base; London 1 - Southern Maryland 0 |
| TOP OF THE 6TH |
|
London Majors batting - Pitching for Southern Maryland Blue Crabs : LHP Tim Fraser
|
|
Batting: RHB Carlos Viera
|
0-0: Ball 1-0: Ground out 5-3 (Groundball, 56, EV 97.5 MPH)
|
|
Batting: RHB Tom Bergman
|
0-0: Fly out, F8 (Flyball, 8RS, EV 83.1 MPH)
|
|
Batting: SHB Miguel Sano Jr.
|
0-0: Ball 1-0: Ball 2-0: Fly out, F8 (Flyball, 8LD, EV 90.0 MPH)
|
| Top of the 6th over - 0 runs, 0 hits, 0 errors, 0 left on base; London 1 - Southern Maryland 0 |
| BOTTOM OF THE 6TH |
|
Southern Maryland Blue Crabs batting - Pitching for London Majors : RHP Ryan Hungerman
|
|
Batting: RHB Hsui-chen Yang
|
0-0: Ball 1-0: Foul Ball, location: 2F 1-1: Called Strike 1-2: Ball 2-2: DOUBLE (Line Drive, 9LD, EV 105.0 MPH)
|
|
Batting: RHB Dou-wan Pan
|
0-0: Called Strike Hsui-chen Yang is caught stealing 3rd base 2-5 0-1: Ball 1-1: Called Strike 1-2: Ball 2-2: Foul Ball, location: 2F 2-2: Ground out 4-3 (Groundball, 34, EV 90.0 MPH)
|
|
Batting: RHB Josh Kurth
|
0-0: Ball 1-0: Ball 2-0: Ground out 5-3 (Groundball, 56, EV 96.2 MPH)
|
| Bottom of the 6th over - 0 runs, 1 hit, 0 errors, 0 left on base; London 1 - Southern Maryland 0 |
| TOP OF THE 7TH |
|
London Majors batting - Pitching for Southern Maryland Blue Crabs : LHP Tim Fraser
|
|
Batting: LHB Trevor Durbin
|
0-0: Ball 1-0: Swinging Strike 1-1: Ball 2-1: Called Strike 2-2: Foul Ball, location: 2F 2-2: Strikes out looking
|
|
Batting: RHB Adler Cananis
|
0-0: Foul Ball, location: 2F 0-1: Ball 1-1: Ball 2-1: Ball 3-1: Base on Balls
|
|
Batting: SHB John Webb
|
0-0: 2-RUN HOME RUN (Flyball, 7D, EV 101.9 MPH), Distance : 436 ft
|
|
Batting: LHB Salvador Ramos
|
0-0: Ball 1-0: Called Strike 1-1: Swinging Strike 1-2: Fly out, F7 (Flyball, 7LMF, EV 80.0 MPH)
|
|
Batting: RHB Jerry Perez
|
0-0: Ball 1-0: Ball 2-0: Ground out 5-3 (Groundball, 56S, EV 90.6 MPH)
|
| Top of the 7th over - 2 runs, 1 hit, 0 errors, 0 left on base; London 3 - Southern Maryland 0 |
| BOTTOM OF THE 7TH |
|
Southern Maryland Blue Crabs batting - Pitching for London Majors : RHP Ryan Hungerman
|
|
Now at 1B: King Pinsent
|
|
|
Now in LF: Salvador Ramos
|
|
|
Now in RF: Miguel Sano Jr.
|
|
|
Batting: RHB John Lowe
|
0-0: Foul Ball, location: 2F 0-1: Ball 1-1: Swinging Strike 1-2: Strikes out swinging
|
|
Batting: RHB Adam Cooper
|
0-0: Called Strike 0-1: Ball 1-1: Foul Ball, location: 2F 1-2: Ball 2-2: Strikes out looking
|
|
Batting: RHB Eddie Morin
|
0-0: Ball 1-0: Ball 2-0: SINGLE (Groundball, 6MD, EV 100.0 MPH)
|
|
Batting: RHB Oscar Chapa
|
0-0: Ball 1-0: Foul Ball, location: 2F 1-1: Ball 2-1: Swinging Strike Eddie Morin is caught stealing 2nd base 2-4
|
| Bottom of the 7th over - 0 runs, 1 hit, 0 errors, 0 left on base; London 3 - Southern Maryland 0 |
| TOP OF THE 8TH |
|
London Majors batting - Pitching for Southern Maryland Blue Crabs : LHP Tim Fraser
|
|
Batting: RHB Hanley Hernandez
|
0-0: Ball 1-0: Called Strike 1-1: Foul Ball, location: 2F 1-2: Foul Ball, location: 2F 1-2: Strikes out swinging
|
|
Batting: RHB Carlos Viera
|
0-0: Ball 1-0: Swinging Strike 1-1: Called Strike 1-2: Ball 2-2: Ball 3-2: Foul Ball, location: 2F 3-2: Foul Ball, location: 2F 3-2: Strikes out swinging
|
|
Batting: RHB Tom Bergman
|
0-0: Called Strike 0-1: Ball 1-1: Fly out, F8 (Flyball, 8LM, EV 90.0 MPH)
|
| Top of the 8th over - 0 runs, 0 hits, 0 errors, 0 left on base; London 3 - Southern Maryland 0 |
| BOTTOM OF THE 8TH |
|
Southern Maryland Blue Crabs batting - Pitching for London Majors : RHP Ryan Hungerman
|
|
Batting: RHB Oscar Chapa
|
0-0: Called Strike 0-1: Called Strike 0-2: Strikes out swinging, 2-3 out at first.
|
|
Pitching: LHP Neil McKibben
|
|
|
Pinch Hitting: RHB Mike Trueblood
|
0-0: Called Strike 0-1: Foul Ball, location: 2F 0-2: Ball 1-2: Ground out 4-3 (Groundball, 4, EV 101.2 MPH)
|
|
Pitching: RHP Mitsuaki Okazaki
|
|
|
Batting: RHB Imbart van Rens
|
0-0: Ball 1-0: Reached on error, E5 (Groundball, 5S, EV 87.5 MPH)
|
|
Batting: RHB Hsui-chen Yang
|
0-0: Called Strike 0-1: Ball 1-1: TRIPLE (Flyball, 7D, EV 108.1 MPH) Imbart van Rens scores
|
|
Batting: RHB Dou-wan Pan
|
0-0: Ball 1-0: Fly out, F8 (Flyball, 8RS, EV 90.6 MPH)
|
| Bottom of the 8th over - 1 run, 1 hit, 1 error, 1 left on base; London 3 - Southern Maryland 1 |
| TOP OF THE 9TH |
|
London Majors batting - Pitching for Southern Maryland Blue Crabs : LHP Tim Fraser
|
|
Pitching: RHP Steve Brulhart
|
|
|
Now in LF: Tyler Hawkins
|
|
|
Batting: SHB Miguel Sano Jr.
|
0-0: Ball 1-0: Swinging Strike 1-1: SINGLE (Groundball, 4D, EV 98.1 MPH)
|
|
Batting: LHB Trevor Durbin
|
0-0: Called Strike 0-1: Ball 1-1: Foul Ball, location: 2F 1-2: Foul Ball, location: 2F 1-2: Strikes out swinging
|
|
Batting: RHB Adler Cananis
|
0-0: Called Strike 0-1: Called Strike 0-2: Ball 1-2: Ball 2-2: Ball 3-2: Foul Ball, location: 2F 3-2: Grounds into double play, 4-6-3 (Groundball, 4, EV 90.6 MPH)
|
| Top of the 9th over - 0 runs, 1 hit, 0 errors, 0 left on base; London 3 - Southern Maryland 1 |
| BOTTOM OF THE 9TH |
|
Southern Maryland Blue Crabs batting - Pitching for London Majors : RHP Mitsuaki Okazaki
|
|
Pitching: RHP Josh Nelson
|
|
|
Batting: RHB Josh Kurth
|
0-0: Ground out 6-3 (Groundball, 6M, EV 81.2 MPH)
|
|
Pinch Hitting: SHB John Hiles
|
0-0: Foul Ball, location: 2F 0-1: Swinging Strike 0-2: Ball 1-2: Foul Ball, location: 2F 1-2: Strikes out looking
|
|
Pinch Hitting: RHB David Gomez
|
0-0: Ball 1-0: Foul Ball, location: 2F 1-1: Ball 2-1: Fly out, F5 (Popup, 5SF, EV 80.6 MPH)
|
| Bottom of the 9th over - 0 runs, 0 hits, 0 errors, 0 left on base; London 3 - Southern Maryland 1 |
|